 Dungeon Crawl Stone Soup version 0.27.1-3-gb3d3a73c9e (webtiles) character file.

Game seed: 16845478727480305616

2315 Crownlay the Geomancer (level 9, -2/52 HPs)
             Began as a Gargoyle Earth Elementalist on Oct 9, 2021.
             Slain by a yak (9 damage)
             ... on level 4 of the Dungeon.
             The game lasted 00:14:19 (6979 turns).

Crownlay the Geomancer (GrEE)                       Turns: 6979, Time: 00:14:19

Health: -2/52      AC:  9    Str: 11    XL:     9   Next: 41%
Magic:  14/21      EV: 11    Int: 20    God:
Gold:   225        SH:  0    Dex: 10    Spells: 20/24 levels left

rFire    + . .     SeeInvis .   g - +2 hand axe (elec)
rCold    + . .     Faith    .   (no shield)
rNeg     + . .     Spirit   .   b - +0 robe
rPois    ∞         Reflect  .   (no helmet)
rElec    +         Harm     .   A - scarf {rC+ rF+}
rCorr    .         Rampage  .   v - +0 pair of gloves
Will     .....                  (no boots)
Stlth    ++........             (no amulet)
HPRegen  0.17/turn              e - +4 ring of slaying
MPRegen  0.17/turn              (no ring)

@: no status effects
A: sickness immunity, AC +6, negative energy resistance 1, electricity
resistance, torment resistance 1, petrification resistance
a: no special abilities


You were on level 4 of the Dungeon.
You visited 1 branch of the dungeon, and saw 5 of its levels.

You collected 225 gold pieces.

Inventory:

Hand Weapons
 g - a +2 hand axe of electrocution (weapon)
Missiles
 c - 101 stones
Armour
 b - a +0 robe (worn)
 d - a +0 cloak
 v - a +0 pair of gloves (worn)
 A - a scarf of resistance (worn)
Magical Staves
 n - a staff of fire
 w - a staff of death
Jewellery
 e - a +4 ring of slaying (left hand)
Wands
 l - a wand of flame (48)
 C - a wand of paralysis (8)
Scrolls
 i - a scroll of blinking {unknown}
 k - a scroll of holy word {unknown}
 m - a scroll of magic mapping {unknown}
 p - a scroll of noise {unknown}
 s - a scroll of enchant armour {unknown}
 t - a scroll of fear
 y - a scroll of identify
Potions
 a - a potion of curing {unknown}
 j - 3 potions of mutation
 o - 2 potions of brilliance {unknown}
 q - 2 potions of ambrosia
 r - a potion of berserk rage {unknown}
 u - 2 potions of cancellation {unknown}
 x - a potion of invisibility {unknown}
 z - 2 potions of magic
 B - a potion of flight {unknown}


   Skills:
 * Level 4.1 Fighting
 - Level 1.5 Dodging
 - Level 2.1 Stealth
 + Level 8.2 Spellcasting
 + Level 2.8 Conjurations
 - Level 0.7 Transmutations
 * Level 9.3 Earth Magic


You had 20 spell levels left.
You knew the following spells:

 Your Spells              Type           Power      Damage    Failure   Level
a - Sandblast             Erth           90%        2d19      1%          1
b - Stone Arrow           Conj/Erth      64%        3d11      1%          3

Your spell library contained the following spells:

 Spells                   Type           Power      Damage    Failure   Level
 Passwall                 Tmut/Erth      23%        N/A       1%          2
 Pain                     Necr           32%        1d5       9%          1
 Petrify                  Tmut/Erth      28%        N/A       11%         4
 Agony                    Necr           8%         N/A       93%         5
 Excruciating Wounds      Necr           4%         N/A       93%         5


Dungeon Overview and Level Annotations

Branches:
Dungeon (5/15)
 Temple: D:4-7

Altars:
Dithmenos

Shops:
D:4 [


Innate Abilities, Weirdness & Mutations

You are immune to sickness and miasma.
Your stone body is resilient. (AC +6)
You are immune to poison.
You resist negative energy. (rN+)
You are resistant to electric shocks. (rElec)
You are resistant to unholy torment.
You are immune to petrification.


Message History

Casting: Sandblast (safe; 1% risk of failure)
Confirm with . or Enter, or press ? or * to list all spells.
Aiming: Sandblast (safe; 1% risk of failure)
Press: ? - help, Shift-Dir - straight line, f/p - yak
Aim: a yak (almost dead, 90% to hit)
The blast of sand hits the yak!
You kill the yak!
c - 102 stones Your Fighting skill increases to level 4!
Casting: Sandblast (safe; 1% risk of failure)
Confirm with . or Enter, or press ? or * to list all spells.
Aiming: Sandblast (safe; 1% risk of failure)
Press: ? - help, Shift-Dir - straight line, f - yak
Aim: a yak (90% to hit)
The blast of sand hits the yak.
The yak is lightly wounded.
c - 101 stones The yak gores you!
* * * LOW HITPOINT WARNING * * *
Casting: Sandblast (safe; 1% risk of failure)
Confirm with . or Enter, or press ? or * to list all spells.
Aiming: Stone Arrow (safe; 1% risk of failure)
Press: ? - help, Shift-Dir - straight line, f/p - yak
Aim: a yak (lightly wounded, 84% to hit)
The stone arrow hits the yak!
The yak is moderately wounded.
The yak barely misses you.
Casting: Stone Arrow (safe; 1% risk of failure)
Confirm with . or Enter, or press ? or * to list all spells.
You don't have enough magic to cast this spell.
Magic courses through your body. The yak barely misses you.
Casting: Stone Arrow (safe; 1% risk of failure)
Confirm with . or Enter, or press ? or * to list all spells.
Aiming: Stone Arrow (safe; 1% risk of failure)
Press: ? - help, Shift-Dir - straight line, f/p - yak
Aim: a yak (moderately wounded, 84% to hit)
The stone arrow hits the yak!
The yak is heavily wounded.
The yak gores you!
You die...

.♣.[.....#.....###..# #.....#.#
P........#.....#∩#..## #######.#
..###'####.....#'#...# #.#
.♣P##.####...........# #.#
.♣.##....###.........# #.#
..P##................# #.#
.P♣♣#........#####...###### #.#
.♣P.#........#####........#####.#
P♣P.#........+..@Y>.....)....##.#
♣♣.♣#........#####.........#.##.#
..♣.####'###.#........(....#.##.#
..♣.# #.# #....##'#######...##.#
.♣#<####÷######.....##.....).##.#
.P#.......#####.....##...........
♣P#.#.........#.....##..........#
..............#.....##........###
..♣...##......####'#######..#.#


You could see a yak.

Vanquished Creatures
  Grinder (D:3)
  2 yaks
  A wraith (D:5)
  A black bear (D:4)
  2 ogres
  A centaur (D:5)
  4 wights (D:5)
  7 howler monkeys
  A centaur zombie (D:5)
  A gnoll shaman (D:3)
  An orc priest (D:5)
  A bullfrog skeleton (D:5)
  5 hounds
  A centaur skeleton (D:4)
  3 iguanas
  Ijyb (D:3)
  Natasha (thrice) (D:3)
  5 orc wizards
  12 gnolls
  4 adders
  3 worms
  3 dart slugs
  28 orcs
  A bat (D:1)
  8 endoplasms
  3 giant cockroaches (D:2)
  10 goblins
  10 hobgoblins
  12 jackals (D:3)
  7 quokkas
  8 ball pythons
  2 frilled lizards
  6 kobolds
  4 rats
162 creatures vanquished.

Vanquished Creatures (others)
  45 plants
45 creatures vanquished.

Grand Total: 207 creatures vanquished

Notes
Turn   | Place    | Note
-------+----------+-------------------------------------------
     0 | D:1      | Crownlay the Gargoyle Earth Elementalist began the quest
                  | for the Orb.
     0 | D:1      | Reached XP level 1. HP: 10/10 MP: 3/3
   377 | D:1      | Reached skill level 4 in Earth Magic
   411 | D:1      | Reached XP level 2. HP: 15/15 MP: 5/5
   698 | D:1      | Reached XP level 3. HP: 18/19 MP: 6/6
   728 | D:1      | Learned a level 3 spell: Stone Arrow
  1028 | D:2      | Reached skill level 5 in Earth Magic
  1436 | D:2      | Reached XP level 4. HP: 24/24 MP: 6/8
  1618 | D:3      | Noticed Ijyb
  1643 | D:3      | Killed Ijyb
  1885 | D:3      | Reached XP level 5. HP: 28/28 MP: 6/9
  1942 | D:3      | Reached skill level 6 in Earth Magic
  2035 | D:3      | Found a faded altar of an unknown god.
  2199 | D:3      | Noticed Natasha
  2207 | D:3      | Killed Natasha
  2234 | D:3      | Noticed Natasha
  2238 | D:3      | Killed Natasha
  2404 | D:3      | Noticed Grinder
  2408 | D:3      | Paralysed by Grinder for 4 turns
  2422 | D:3      | Killed Grinder
  2423 | D:3      | Reached skill level 7 in Earth Magic
  2423 | D:3      | Reached XP level 6. HP: 21/32 MP: 2/12
  2553 | D:3      | Noticed Natasha
  2557 | D:3      | Killed Natasha
  2558 | D:3      | Reached XP level 7. HP: 31/36 MP: 11/13
  2883 | D:3      | Reached skill level 8 in Earth Magic
  3238 | D:2      | Reached skill level 5 in Spellcasting
  3836 | D:3      | Reached XP level 8. HP: 32/41 MP: 17/17
  5108 | D:4      | Found a shadowy altar of Dithmenos.
  5584 | D:4      | Found Nomaugat's Armour Shoppe.
  5847 | D:5      | Entered Level 5 of the Dungeon
  6056 | D:5      | Reached skill level 1 in Fighting
  6304 | D:5      | Reached skill level 1 in Conjurations
  6370 | D:5      | Reached XP level 9. HP: 34/49 MP: 1/21
  6961 | D:5      | Reached skill level 9 in Earth Magic
  6979 | D:4      | Slain by a yak

Illustrated notes

Levels and vault maps discovered:
D:1:      wander_arrival_fairy_ring, layout_rooms
D:2:      layout_loops_cross, serial_co_window_serial,
          co_window_of_opportunity_a, co_window_paths_a, co_window_paths_a,
          co_window_corner_a, co_window_paths_a, co_window_of_opportunity_b,
          co_window_2corner, co_window_of_opportunity_c, co_window_paths_e,
          glass_columns_c, glass_columns_c, glass_columns_a, glass_columns_a,
          glass_columns_b
D:3:      lemuel_castle_with_subvaults [lemuel_castle_interior_carwin_2],
          layout_basic, ebering_ecumenical_altar_mist, uniq_ijyb, uniq_natasha,
          uniq_grinder
D:4:      wad_woods_stonehenge, layout_basic, serial_shops, kennysheep_mini_moat
D:5:      layout_gridville, uniq_crazy_yiuf_cottage

Skill      XL: |  1  2  3  4  5  6  7  8  9 |
---------------+----------------------------+-----
Earth Magic    | 4 5 7 8 9 |  9.3
Spellcasting   | 3 4 6 8 |  8.2
Fighting       | 2 4 |  4.1
Conjurations   | 1 2 |  2.8
Dodging        | |  1.5
Stealth        | |  2.1
Transmutations | |  0.7

Action                   |  1- 3 |  4- 6 |  7- 9 || total
-------------------------+-------+-------+-------++-------
Melee: Spear             |    29 |       |       ||    29
       Dagger            |    47 |    28 |   211 ||   286
       Hand axe          |       |       |     7 ||     7
 Cast: Sandblast         |     3 |    32 |    18 ||    53
       Stone Arrow       |       |       |    52 ||    52
  Use: Scroll            |       |       |     6 ||     6
       Potion            |       |       |     1 ||     1
 Stab: Sleeping          |     4 |     3 |     2 ||     9
Armor: Robe              |    19 |     6 |    83 ||   108
Dodge: Dodged            |    31 |    13 |   140 ||   184
